 Dungeon Crawl Stone Soup version 0.25.1-8-g42b30a86e7 (webtiles) character file.

Game seed: 7629448606183391489

20866 Gabide the Bludgeoner (level 13, -1/101 HPs)
             Began as a Human Monk on Dec 11, 2020.
             Was a High Priest of Elyvilon.
             Slain by an orc knight
             ... wielding a +0 long sword of electrocution
              (26 damage)
             ... on level 2 of the Orcish Mines.
             The game lasted 00:46:18 (15574 turns).

Gabide the Bludgeoner (Human Monk)                 Turns: 15574, Time: 00:46:19

Health: -1/101     AC: 29    Str: 28    XL:     13   Next: 15%
Magic:  12/16      EV: 13    Int: 14    God:    Elyvilon [*****.]
Gold:   997        SH:  0    Dex: 27    Spells: 12/12 levels left

rFire    . . .     SeeInvis .   a - +5 dire flail (protect)
rCold    . . .     Gourm    .   (shield currently unavailable)
rNeg     + . .     Faith    +   k - +8 chain mail "Wonie" {-Cast Regen+ Int-5 Dex+8}
rPois    +         Spirit   .   f - +0 helmet
rElec    .         Reflect  .   (no cloak)
rCorr    .         Harm     .   (no gloves)
MR       .....     NoCast   +   m - +1 pair of boots of a sewer {Str+2 Int+4 Dex+4}
Stlth    ..........             t - amulet of Warudel {Faith Str+3}
HPRegen  0.66/turn              A - ring of positive energy
MPRegen  0.15/turn              v - ring of Anauch Meok {rPois Str+6 Int+4}

@: protection aura
A: no striking features
a: Lesser Healing, Heal Other, Purification, Greater Healing, Divine Vigour,
Divine Protection, Renounce Religion


You were on level 2 of the Orcish Mines.
You worshipped Elyvilon.
Elyvilon was extremely pleased with you.
You were not hungry.

You visited 2 branches of the dungeon, and saw 11 of its levels.

You collected 1055 gold pieces.
You spent 58 gold pieces at shops.

Inventory:

Hand Weapons
 a - a +5 dire flail of protection (weapon)
Missiles
 r - 51 poisoned darts (quivered)
Armour
 f - a +0 helmet (worn)
 k - the +8 chain mail "Wonie" (worn) {-Cast Regen+ Int-5 Dex+8}
   (You found it on level 8 of the Dungeon)

   It affects your intelligence (-5).
   It affects your dexterity (+8).
   It prevents spellcasting.
   It increases your rate of regeneration.
 m - the +1 pair of boots of a sewer (worn) {Str+2 Int+4 Dex+4}
   (You acquired it on level 7 of the Dungeon)

   It affects your strength (+2).
   It affects your intelligence (+4).
   It affects your dexterity (+4).
 y - a +3 chain mail of magic resistance
Jewellery
 n - a +4 ring of protection
 q - an uncursed ring of fire
 t - the amulet of Warudel (around neck) {Faith Str+3}
   (You acquired it on level 7 of the Dungeon)

   [amulet of faith]

   It allows you to gain divine favour quickly.
   It affects your strength (+3).
 v - the ring of Anauch Meok (right hand) {rPois Str+6 Int+4}
   (You took it off an orc priest on level 8 of the Dungeon)

   [ring of strength]

   It affects your strength (+6).
   It affects your intelligence (+4).
   It protects you from poison.
 A - a ring of positive energy (left hand)
Wands
 p - a wand of polymorph (8)
 u - a wand of flame (16)
Scrolls
 h - 3 scrolls of remove curse
 z - 2 scrolls of amnesia
Potions
 i - a potion of magic
 o - 3 potions of flight
Miscellaneous
 w - a phantom mirror
 x - a tin of tremorstones (2/3)
Comestibles
 c - 16 rations


   Skills:
 + Level 9.2 Fighting
   Level 5.2(12.3) Axes
 * Level 16.2(16.5) Maces & Flails
   Level 4.3(5.5) Polearms
 - Level 3.2 Throwing
 + Level 7.3 Armour
 + Level 5.3 Dodging
 - Level 2.2 Stealth
 + Level 4.3 Invocations


You had 12 spell levels left.
You didn't know any spells.
Your spell library was empty.

Dungeon Overview and Level Annotations

Branches:
Dungeon (9/15)             Temple (0/1) D:6            Lair (0/6) D:9
    Orc (2/2) D:9             Elf (0/3) Orc:2

Altars:
Ashenzari
Dithmenos
Elyvilon
Fedhas
Gozag
Makhleb
Okawaru
Ru
Xom
Yredelemnul
Beogh

Shops:
D:4 [   D:6 *   Orc:2 !![=


Message History

You are electrocuted!!
You are healed.
You feel quite a bit more hungry.
The orc knight hits you with a +2 war axe!
The orc knight hits you with a +0 long sword of electrocution.
The tremorstone explodes into fragments!
The burst of rock shards engulfs the orc knight!!
The burst of rock shards engulfs the orc knight but does no damage.
The burst of rock shards engulfs you but does no damage.
The orc knight hits you with a +2 war axe!!
* * * LOW HITPOINT WARNING * * *
You are healed.
You feel somewhat more hungry.
The orc knight hits you but does no damage.
You are electrocuted!
* * * LOW HITPOINT WARNING * * *
The orc knight roars a battlecry!
The orc knight goes into a battle-frenzy!
You bludgeon the orc knight!!
You kill the orc knight!
The orc knight hits you with a +0 long sword of electrocution!!
You die...

##### ##.#.# #
#...#### ##
##...##.## .##
##........##
..####..........##
....##(..........##
....##.(.##[....).##
.....(...##....o@[.##
#.......####[.......#
#...#.....###......##
...###.....#......##
.o..#.......[....##
...##...........##
.#.####.......###
.### ##......## ##
#.......####


You could see an orc knight (strong).

Vanquished Creatures
  A hydra (D:9)
  A catoblepas (D:8)
  A two-headed ogre (D:8)
  3 death yaks (D:9)
  An orc high priest (Orc:1)
  Nergalle (Orc:1)
  3 orc knights
  A cyclops (Orc:2)
  A manticore (D:8)
  A gargoyle (D:8)
  2 ice devils (Orc:2)
  2 hellwings (Orc:2)
  A queen bee (D:9)
  3 trolls
  Grinder (D:3)
  A hornet (D:8)
  Prince Ribbit (D:7)
  Sigmund (D:3)
  A vampire (D:9)
  7 yaks
  A basilisk (D:9)
  A human (D:7)
  3 hogs (D:7)
  Edmund (D:3)
  A warg (Orc:1)
  2 black bears
  A porcupine (D:9)
  2 sky beasts
  2 phantoms
  30 orc warriors
  5 ogres
  3 centaurs
  3 bullfrogs
  A big kobold (D:8)
  A gnoll sergeant (D:8)
  4 scorpions
  29 killer bees
  A wight (D:6)
  2 howler monkeys
  2 bullfrog zombies (D:8)
  4 crimson imps
  A centaur zombie (D:9)
  3 quasits
  A bullfrog skeleton (D:7)
  4 hounds
  29 orc priests
  3 centaur skeletons
  7 iguanas
  18 orc wizards
  3 hell rats (D:9)
  3 worker ants
  A killer bee zombie (D:7)
  A hound zombie (D:7)
  A worker ant zombie (D:5)
  Robin (D:3)
  11 adders
  16 gnolls
  A river rat (D:9)
  4 shadow imps
  2 oozes
  An adder skeleton (D:7)
  3 worms (D:2)
  2 dart slugs
  A leopard gecko (D:6)
  96 orcs
  6 giant cockroaches
  16 goblins
  11 hobgoblins
  12 jackals
  10 kobolds
  4 quokkas
  7 bats
  A frilled lizard (D:2)
  2 jackal skeletons
  2 leopard gecko skeletons
  7 rats
424 creatures vanquished.

Vanquished Creatures (others)
  A hungry ghost (D:8)
1 creature vanquished.

Grand Total: 425 creatures vanquished

Notes
Turn   | Place    | Note
-------+----------+-------------------------------------------
     0 | D:1      | Gabide the Human Monk began the quest for the Orb.
     0 | D:1      | Reached XP level 1. HP: 18/18 MP: 1/1
   151 | D:1      | Reached XP level 2. HP: 24/24 MP: 2/2
   559 | D:1      | Reached XP level 3. HP: 4/29 MP: 3/3
  1876 | D:2      | Reached XP level 4. HP: 17/35 MP: 4/4
  2102 | D:2      | Reached skill level 1 in Axes
  2279 | D:2      | Found a shadowy altar of Dithmenos.
  2438 | D:2      | Found a blossoming altar of Fedhas.
  2780 | D:2      | Found an iron altar of Okawaru.
  3055 | D:3      | Noticed Robin
  3076 | D:3      | Killed Robin
  3076 | D:3      | Reached XP level 5. HP: 5/41 MP: 5/5
  3078 | D:3      | HP: 2/41 [goblin[Robin] (3)]
  3637 | D:3      | Noticed Grinder
  3648 | D:3      | Paralysed by Grinder for 5 turns
  3675 | D:3      | Killed Grinder
  3675 | D:3      | Reached skill level 1 in Throwing
  3675 | D:3      | Reached skill level 1 in Armour
  3675 | D:3      | Reached XP level 6. HP: 9/48 MP: 6/6
  4036 | D:3      | Reached XP level 7. HP: 51/53 MP: 7/7
  4048 | D:3      | Noticed Sigmund
  4333 | D:3      | Found a white marble altar of Elyvilon.
  4341 | D:3      | Became a worshipper of Elyvilon the Healer
  4341 | D:3      | Reached * piety under Elyvilon
  4341 | D:3      | Reached ** piety under Elyvilon
  4405 | D:3      | Found a faded altar of an unknown god.
  4628 | D:3      | Found a basalt altar of Yredelemnul.
  4700 | D:3      | Found a shimmering altar of Xom.
  4738 | D:3      | Killed Sigmund
  4738 | D:3      | Reached skill level 5 in Axes
  4738 | D:3      | Reached skill level 1 in Invocations
  5021 | D:4      | Noticed Edmund
  5320 | D:4      | Reached XP level 8. HP: 60/60 MP: 9/9
  5638 | D:3      | HP: 3/60 [iguana (8)]
  6808 | D:4      | Found Esharus's Armour Boutique.
  6811 | D:4      | Bought a +0 pair of boots for 58 gold pieces
  7143 | D:3      | Killed Edmund
  7386 | D:5      | Entered Level 5 of the Dungeon
  7472 | D:5      | Reached skill level 1 in Maces & Flails
  7576 | D:5      | Reached skill level 2 in Maces & Flails
  7868 | D:5      | Reached XP level 9. HP: 66/66 MP: 11/11
  8019 | D:5      | Reached *** piety under Elyvilon
  8042 | D:5      | Found a sacrificial altar of Ru.
  8083 | D:5      | Reached skill level 3 in Maces & Flails
  8924 | D:6      | Found an opulent altar of Gozag.
  8931 | D:6      | Found Gozag's Platinum Reserve.
  9074 | D:6      | Reached skill level 5 in Fighting
  9130 | D:6      | Found a shattered altar of Ashenzari.
  9130 | D:6      | Found a burning altar of Makhleb.
  9177 | D:6      | Reached skill level 4 in Maces & Flails
  9392 | D:6      | Found a staircase to the Ecumenical Temple.
  9542 | D:6      | Reached skill level 5 in Maces & Flails
  9814 | D:7      | Identified 3 scrolls of acquirement
  9814 | D:7      | Acquired a manual of Maces & Flails
  9816 | D:7      | Acquired the amulet of Warudel {Faith Str+3}
  9819 | D:7      | Acquired the +1 pair of boots of a sewer {Str+2 Int+4
                  | Dex+4}
  9841 | D:7      | Reached **** piety under Elyvilon
  9875 | D:7      | Noticed Prince Ribbit
  9880 | D:7      | Killed Prince Ribbit
  9880 | D:7      | Reached skill level 6 in Maces & Flails
  9967 | D:7      | Found a flagged portal.
 10091 | D:7      | Reached skill level 7 in Maces & Flails
 10115 | D:7      | Reached XP level 10. HP: 74/74 MP: 12/12
 10119 | D:7      | Reached skill level 8 in Maces & Flails
 10127 | D:7      | Reached skill level 9 in Maces & Flails
 10503 | D:7      | Reached skill level 10 in Maces & Flails
 10784 | D:7      | Reached ***** piety under Elyvilon
 11160 | D:8      | Got a smelly chain mail
 11171 | D:8      | Identified the +8 chain mail "Wonie" {-Cast Regen+ Int-5
                  | Dex+8} (You found it on level 8 of the Dungeon)
 11196 | D:8      | Reached skill level 11 in Maces & Flails
 11328 | D:8      | Noticed a manticore
 11335 | D:8      | Killed a manticore
 11335 | D:8      | Reached skill level 5 in Armour
 11338 | D:8      | Noticed a gargoyle
 11348 | D:8      | Killed a gargoyle
 11348 | D:8      | Reached skill level 12 in Maces & Flails
 11349 | D:8      | Noticed a catoblepas
 11380 | D:8      | Killed a catoblepas
 11380 | D:8      | Reached XP level 11. HP: 62/81 MP: 10/14
 11388 | D:8      | Reached skill level 13 in Maces & Flails
 11632 | D:8      | Identified the ring of Anauch Meok {rPois Str+6 Int+4}
 11790 | D:8      | Noticed a two-headed ogre
 11798 | D:8      | Killed a two-headed ogre
 12294 | D:9      | Noticed a six-headed hydra
 12328 | D:9      | Got a faintly humming helmet
 12381 | D:9      | Identified the -3 helmet of the Eternal Void {+Fly rF-
                  | rCorr} (You found it on level 9 of the Dungeon)
 12412 | D:9      | Killed a six-headed hydra
 12638 | D:9      | Reached skill level 14 in Maces & Flails
 12688 | D:9      | Noticed a death yak
 12692 | D:9      | Noticed a death yak
 12699 | D:9      | Noticed a death yak
 12701 | D:9      | Killed a death yak
 12716 | D:9      | Killed a death yak
 12716 | D:9      | Reached skill level 5 in Dodging
 12725 | D:9      | Killed a death yak
 12725 | D:9      | Reached XP level 12. HP: 65/91 MP: 15/15
 12749 | D:9      | Found a staircase to the Lair.
 12992 | D:9      | Reached skill level 15 in Maces & Flails
 13080 | D:9      | Found a roughly hewn altar of Beogh.
 13080 | D:9      | Found a staircase to the Orcish Mines.
 13498 | Orc:1    | Entered Level 1 of the Orcish Mines
 13656 | Orc:1    | Noticed Nergalle
 13668 | Orc:1    | Killed Nergalle
 13730 | Orc:1    | Noticed an orc high priest
 13789 | Orc:1    | Killed an orc high priest
 14103 | Orc:2    | Entered Level 2 of the Orcish Mines
 14155 | Orc:2    | Found Daod's Armour Emporium.
 14342 | Orc:2    | Found Valu's Jewellery Shop.
 14506 | Orc:2    | Reached ****** piety under Elyvilon
 14509 | Orc:2    | Found a staircase to the Elven Halls.
 14558 | Orc:2    | Found a roughly hewn altar of Beogh.
 14796 | Orc:2    | Found Hecoam's Distillery.
 14798 | Orc:2    | Found Caitef's Distillery.
 14949 | Orc:2    | Reached skill level 16 in Maces & Flails
 14951 | Orc:2    | Reached XP level 13. HP: 55/100 MP: 16/16
 15574 | Orc:2    | Slain by an orc knight

Illustrated notes

Levels and vault maps discovered:
D:1:      moated_graveyard_arrival, layout_loops_ring, minmay_misc_feat_hallway,
          minmay_hexomino_c4
D:2:      layout_basic, fedhas_altar_3, grunt_dithmenos_smoke_and_mirrors,
          lemuel_coloured_pillars_altar
D:3:      layout_basic, kennysheep_ying_yang, old_standard_altar,
          chequers_ecumenical_altar_simple, hangedman_abyss_or_decor_stabs,
          uniq_grinder, uniq_robin, uniq_sigmund
D:4:      layout_basic, serial_shops, kennysheep_mini_moat, first_ration,
          uniq_edmund
D:5:      layout_basic, kennysheep_mini, water_boxes_lemuel
D:6:      minmay_evil_eye, layout_rooms, gammafunk_temple_overflow_elements,
          minmay_temple_entry_poolview, nicolae_gozag_zags_fifth_avenue
D:7:      layout_layer_cave, enter_bailey_2, grunt_livestock,
          hangedman_decor_lopped, uniq_prince_ribbit1
D:8:      minmay_the_grid_square_5x5_3x3
          [minmay_the_grid_square_5x5_spiral_small,
          minmay_the_grid_square_5x5_z, minmay_the_grid_square_5x5_bite,
          minmay_the_grid_square_5x5_sharp_hourglass,
          minmay_the_grid_square_5x5_megaprize_checkered,
          minmay_the_grid_square_5x5_empty, minmay_the_grid_square_5x5_shrine2,
          minmay_the_grid_square_5x5_eight_small,
          minmay_the_grid_square_5x5_forky], layout_basic
D:9:      layout_loops_ring, dpeg_lair_monsters, david_orc_5, special_room
          [special_room_bee], minmay_diamond_spiral
Orc:1:    layout_caves, special_room [special_room_orc],
          nicolae_volcano_entry_two_sided, nicolae_orc_rich_vein, uniq_harold,
          uniq_nergalle, uniq_fannar
Orc:2:    pf_orc_diabolical, layout_diamond_mine, serial_shops,
          nicolae_shop_window_shopping, basic_altar,
          minmay_shop_enchanted_jewellery

Skill      XL: |  1  2  3  4  5  6  7  8  9 10 11 12 13 |
---------------+----------------------------------------+-----
Axes           | 1 4 5 |  5.2
Throwing       | 1 2 3 |  3.2
Armour         | 1 2 3 4 5 6 7 |  7.3
Invocations    | 1 3 4 |  4.3
Fighting       | 4 5 6 7 8 9 |  9.2
Dodging        | 4 5 |  5.3
Polearms       | 4 |  4.3
Maces & Flails | 2 7 12 14 16 | 16.2
Stealth        | |  2.2

Action                   |  1- 3 |  4- 6 |  7- 9 | 10-12 | 13-15 || total
-------------------------+-------+-------+-------+-------+-------++-------
Melee: Spear             |   128 |       |       |       |       ||   128
       Hand axe          |    16 |   102 |   130 |       |       ||   248
       Halberd           |       |       |    92 |       |       ||    92
       Dire flail        |       |       |   225 |   714 |    90 ||  1029
Throw: Stone             |     3 |       |       |       |       ||     3
       Boomerang         |       |    45 |    91 |     5 |       ||   141
       Throwing net      |       |     1 |     2 |     1 |       ||     4
Invok: Lesser Healing    |       |       |    15 |       |       ||    15
       Heal Other        |       |       |     1 |       |       ||     1
       Greater Healing   |       |       |       |     7 |     2 ||     9
       Divine Vigour     |       |       |       |       |     1 ||     1
Evoke: Tin of tremorston |       |       |       |       |     1 ||     1
  Use: Scroll            |     5 |     4 |     9 |     6 |       ||    24
       Potion            |       |     1 |     3 |     2 |     2 ||     8
 Stab: Sleeping          |    10 |       |     1 |       |       ||    11
       Distracted        |       |       |     1 |       |       ||     1
       Held in net/web   |       |       |       |     2 |       ||     2
  Eat: Chunk             |     3 |     4 |     7 |    17 |     2 ||    33
       Ration            |       |     1 |     5 |     1 |     1 ||     8
Armor: Robe              |    18 |       |       |       |       ||    18
       Ring mail         |       |    13 |    36 |       |       ||    49
       Chain mail        |       |       |   196 |   356 |    39 ||   591
Dodge: Dodged            |    74 |    54 |   256 |   434 |    64 ||   882
